 Dungeon Crawl Stone Soup version 0.30.1-11-g7821555f0a (webtiles) character file.

Game seed: 11407443335928896672

55 fireball365 the Trooper (level 3, -2/33 HPs)
             Began as a Hill Orc Fighter on Dec 14, 2023.
             Slain by Sigmund
             ... wielding a +0 scythe
              (7 damage)
             ... on level 3 of the Dungeon.
             The game lasted 00:03:36 (1651 turns).

fireball365 the Trooper (Hill Orc Fighter)          Turns: 1651, Time: 00:03:37

Health: -2/33      AC:  8    Str: 20    XL:     3   Next: 93%
Magic:  3/3        EV:  6    Int:  8    God:
Gold:   88         SH:  4    Dex: 10    Spells: 2/2 levels left

rFire   + + .        a - +0 war axe
rCold   . . .        c - +0 buckler
rNeg    . . .        b - +0 scale mail
rPois   .            (no helmet)
rElec   .            (no cloak)
rCorr   .            o - +0 pair of gloves
SInv    .            (no boots)
Will    .....        (no amulet) Stlth
                     f - ring of protection from fire
HPRegen 0.25/turn    h - ring of protection from fire
MPRegen 0.08/turn

%: no passive effects
@: mighty, weak-willed, grasped by roots, constricted
A: no striking features
a: no special abilities


You were on level 3 of the Dungeon.
You visited 1 branch of the dungeon, and saw 3 of its levels.

You collected 88 gold pieces.

Inventory:

Hand Weapons
 a - a +0 war axe (weapon)
Armour
 b - a +0 scale mail (worn)
 c - a +0 buckler (worn)
 o - a +0 pair of gloves (worn)
 r - a +0 helmet
Jewellery
 f - a ring of protection from fire (left hand)
 h - a ring of protection from fire (right hand)
Scrolls
 j - a scroll of immolation
 k - a scroll of identify {unknown}
 l - a scroll of poison {unknown}
 m - a scroll of enchant weapon {unknown}
 p - a scroll of vulnerability
Potions
 d - a potion of might
 e - a potion of flight {unknown}
 g - a potion of heal wounds {unknown}
 i - 2 potions of curing {unknown}
 n - a potion of degeneration {unknown}
 q - 2 potions of resistance {unknown}


   Skills:
 + Level 4.3 Fighting
 + Level 3.5 Axes
 + Level 3.7 Armour
 + Level 0.6 Dodging
 + Level 3.6 Shields


You had 2 spell levels left.
You didn't know any spells.
Your spell library contained the following spells:

 Spells                   Type           Power      Damage    Failure   Level
 Borgnjor's Revivificati  Necr           0%         N/A       100%        8
 Necromutation            Tmut/Necr      0%         N/A       100%        8
 Death's Door             Necr           0%         N/A       100%        9


Dungeon Overview and Level Annotations

Branches:
Dungeon (3/15)

Altars:

Annotations:
D:3 Sigmund


Message History

Sigmund is unaffected.
The grasping roots constrict you.
You escape the roots grasp.
Sigmund zaps a wand.
The roots erupt in riotous growth!
The grasping roots grab you! The grasping roots constrict you.
You escape the roots grasp.
Sigmund casts a spell at you. The puff of flame hits you. You resist.
You hit Sigmund.
Sigmund is lightly wounded.
You feel less confused.
Sigmund points at you and mumbles some strange words.
The magic dart hits you.
You hit Sigmund.
Sigmund is moderately wounded.
You block Sigmund's attack.
You hit Sigmund.
Sigmund is heavily wounded.
Sigmund hits you with a +0 scythe!
* * * LOW HITPOINT WARNING * * *
The ball python bites you.
* * * LOW HITPOINT WARNING * * *
The ball python grabs you. The ball python constricts you.
You hit the ball python.
The ball python is moderately wounded.
You closely miss Sigmund.
The ball python bites you but does no damage.
The ball python constricts you. You block Sigmund's attack.
The ball python bites you but does no damage.
The ball python constricts you.
You slash the ball python!
You kill the ball python!
You hit Sigmund but do no damage.
Sigmund zaps a wand.
The roots erupt in riotous growth!
The grasping roots grab you!
Sigmund is unaffected.
The grasping roots constrict you.
* * * LOW HITPOINT WARNING * * *
You feel very mighty all of a sudden. Sigmund hits you with a +0 scythe!
You die...

.# #.## #...
..#
#.######.##
#.....<...#
#######.#...#
#.# #.# #@# #
#.@....#
....###....
####.# .. (..
..# ###


You could see Sigmund (weak-willed).

Vanquished Creatures
  An adder (D:2)
  A worm (D:2)
  2 dart slugs
  4 bats
  5 endoplasms
  5 goblins
  2 hobgoblins
  2 quokkas (D:1)
  11 ball pythons
  A frilled lizard (D:1)
  2 kobolds (D:1)
  4 rats
40 creatures vanquished.

Notes
Turn   | Place    | Note
-------+----------+-------------------------------------------
     0 | D:1      | fireball365 the Hill Orc Fighter began the quest for the
                  | Orb.
     0 | D:1      | Reached XP level 1. HP: 19/19 MP: 1/1
    89 | D:1      | Reached XP level 2. HP: 26/27 MP: 2/2
   567 | D:1      | Reached skill level 4 in Fighting
   578 | D:1      | Reached XP level 3. HP: 29/32 MP: 3/3
  1637 | D:3      | Noticed Sigmund
  1651 | D:3      | Slain by Sigmund

Illustrated notes

Levels and vault maps discovered:
D:1:      dpeg_arrival_simpleton_a, layout_loops_ring, roderic_serpentine_path
D:2:      layout_loops_ring, serial_glass, glass_columns_a, glass_columns_b,
          glass_columns_a, glass_columns_a, glass_columns_a, glass_columns_a,
          glass_columns_a, glass_columns_c, glass_columns_a, glass_columns_a,
          glass_columns_b, glass_columns_a, glass_columns_b, glass_columns_c,
          minmay_misc_feat_tower
D:3:      layout_loops_ring, mainiacjoe_overflow_alcove_4,
          mainiacjoe_overflow_concentric_impassable,
          gammafunk_temple_overflow_elements, cheibrodos_sewer_entry_bend,
          serial_undead, serial_undead_c, serial_undead_c, serial_undead_d,
          serial_undead_a, serial_undead_a, uniq_sigmund, uniq_terence

Skill      XL: |  1  2 |
---------------+-------+-----
Axes           | 3 |  3.5
Fighting       | 4 |  4.3
Armour         | |  3.7
Dodging        | |  0.6
Shields        | |  3.6

Action                     || total
---------------------------++-------
  Melee: War axe           ||   104
    Use: Scroll            ||     2
         Potion            ||     1
 Armour: Scale mail        ||    58
  Dodge: Dodged            ||    63
  Block: Buckler           ||    33
